 Dungeon Crawl Stone Soup version 0.19.1 (webtiles) character file.

203 Gargoyl the Skirmisher (level 5, -11/45 (46) HPs)
             Began as a Ghoul Abyssal Knight on Dec 11, 2016.
             Was a Believer of Lugonu.
             Mangled by an ogre
             ... wielding a +0 giant club
              (13 damage)
             ... on level 4 of the Dungeon.
             The game lasted 00:06:36 (2367 turns).

Gargoyl the Skirmisher (Ghoul Abyssal Knight)       Turns: 2367, Time: 00:06:37

HP:   -11/45 (46)   AC: 13    Str: 16    XL:     5   Next: 81%
MP:   6/6           EV:  4    Int:  7    God:    Lugonu [**....]
Gold: 153           SH:  3    Dex:  9    Spells: 0 memorised, 4 levels left

rFire  . . .     SeeInvis .     a - +2 hand axe
rCold  + . .     Gourm    .     d - +0 plate armour
rNeg   + + +     Faith    .     g - +0 buckler
rPois  ∞         Spirit   .     (no helmet)
rElec  .         Reflect  .     i - +0 cloak
rCorr  .         Harm     .     (no gloves)
MR     .....                    n - +0 pair of boots
Stlth  ..........               (no amulet)
                                (no ring)
                                (no ring)

@: rotting
A: rotting body, claws 1, carnivore 3, cold resistance 1, negative energy
resistance 3, slow regeneration 1, torment resistance, unbreathing
a: Depart the Abyss, Bend Space, Renounce Religion


You were on level 4 of the Dungeon.
You worshipped Lugonu.
Lugonu was pleased with you.
You were not hungry.

You visited 1 branch of the dungeon, and saw 4 of its levels.
You visited the Abyss 1 time.

You collected 153 gold pieces.

Inventory:

Hand Weapons
 a - a +2 hand axe (weapon)
Armour
 d - a +0 plate armour (worn)
 g - a +0 buckler (worn)
 i - a +0 cloak (worn)
 n - a +0 pair of boots (worn)
Wands
 s - a wand of random effects (28/48)
 y - a wand of acid (5/15)
Scrolls
 e - a scroll of blinking
 f - a scroll of teleportation
 h - 4 scrolls of identify
 m - 2 scrolls of remove curse
 w - a scroll of enchant weapon
Potions
 b - a potion of brilliance {unknown}
 j - a potion of heal wounds {unknown}
 k - a potion of flight {unknown}
 o - 2 potions of agility {unknown}
 r - a potion of lignification {unknown}
 t - a potion of mutation {unknown}
 u - a potion of curing {unknown}
 v - a potion of cure mutation {unknown}
Comestibles
 c - 4 meat rations
 l - a slice of pizza
 p - a beef jerky
 q - a royal jelly


   Skills:
 + Level 4.0 Fighting
 + Level 3.1 Axes
 * Level 3.4 Armour
 + Level 1.1 Dodging
 + Level 0.3 Shields
 * Level 2.9 Invocations


You had 4 spell levels left.
You didn't know any spells.

Dungeon Overview and Level Annotations

Branches:
Dungeon (4/15)
 Temple: D:4-7

Altars:
Dithmenos
Ru


Innate Abilities, Weirdness & Mutations

Your body is rotting away.
You thrive on raw meat.
You are immune to poison.
You have sharp fingernails.
You are carnivorous and can eat meat at any time.
Your flesh is cold resistant. (rC+)
You are immune to negative energy. (rN+++)
You regenerate slowly when monsters are visible.
You are immune to unholy pain and torment.
You can survive without breathing.


Message History

The ogre barely misses you.
Unknown command.
You slash the ogre!
The ogre is heavily wounded.
The ogre hits you with a giant club.
Unknown command.
You hit the ogre but do no damage.
The ogre is heavily wounded.
The ogre hits you with a giant club!
You hit the ogre.
The ogre is heavily wounded.
The ogre hits you with a giant club.
Your plate armour prevents you from hitting the ogre.
The ogre is heavily wounded.
The ogre hits you with a giant club!
* * * LOW HITPOINT WARNING * * *
You hit the ogre.
The ogre is severely wounded.
The ogre hits you with a giant club!
You die...

#####....# ##
##.##.##
##..##..#
#.....#.####
#..#..#....#
....###......#
##.. ##..##...#
#..#?.## ...#
#...O@# .#..#
.......†.......#
#.........##...
##..._...##
#.........
...........
.##.....##.
#..#..# #.


You could see an ogre.

Vanquished Creatures
  The ghost of Menchi the Shooter, a weakling NaHu (D:3)
  An iguana (D:4)
  A hound skeleton (D:3)
  A howler monkey skeleton (D:4)
  3 adders
  An ooze (D:2)
  An adder skeleton (D:4)
  A worm (D:2)
  2 dart slugs
  4 leopard geckos
  An orc (D:3)
  2 ball pythons
  3 giant cockroaches
  8 goblins
  15 hobgoblins
  3 bats
  5 frilled lizards
  5 kobolds
  5 rats
63 creatures vanquished.

Notes
Turn   | Place    | Note
-------+----------+-------------------------------------------
     0 | Abyss:1  | Gargoyl the Ghoul Abyssal Knight began the quest for the Orb.
     0 | Abyss:1  | Reached XP level 1. HP: 19/19 MP: 1/1
    88 | Abyss:1  | Noticed a ynoxinul
    88 | D:1      | Escaped the Abyss
   157 | D:1      | Reached XP level 2. HP: 26/26 MP: 2/2
   237 | D:1      | Reached * piety under Lugonu
   526 | D:1      | Reached XP level 3. HP: 28/32 MP: 3/3
  1035 | D:1      | Reached skill level 1 in Dodging
  1140 | D:2      | Reached XP level 4. HP: 35/40 MP: 5/5
  1257 | D:2      | Reached ** piety under Lugonu
  1529 | D:3      | Found a faded altar of an unknown god.
  1562 | D:3      | Noticed Menchi's ghost (weakling NaHu)
  1578 | D:3      | Killed Menchi's ghost
  1578 | D:3      | Reached XP level 5. HP: 39/46 MP: 6/6
  2250 | D:4      | Found a sacrificial altar of Ru.
  2281 | D:4      | Reached skill level 4 in Fighting
  2353 | D:4      | Found a shadowy altar of Dithmenos.
  2354 | D:4      | Noticed an ogre
  2366 | D:4      | HP: 2/45 [ogre/giant club (15)]
  2367 | D:4      | Mangled by an ogre

Skill      XL: |  1  2  3  4  5 |
---------------+----------------+-----
Armour         | 2 3 |  3.4
Axes           | 2 3 |  3.1
Dodging        | 1 |  1.1
Fighting       | 4 |  4.0
Shields        | |  0.3
Invocations    | |  2.9

Action                   |  1- 3 |  4- 6 || total
-------------------------+-------+-------++-------
Melee: Hand axe          |   147 |   112 ||   259
Invok: Depart the Abyss  |     1 |       ||     1
  Use: Scroll            |       |     9 ||     9
  Eat: Chunk             |    19 |     9 ||    28
Armor: Plate armour      |   177 |    78 ||   255
Dodge: Dodged            |    26 |    25 ||    51
Block: Buckler           |    24 |    16 ||    40
